 Dungeon Crawl Stone Soup version 0.22-a0-305-gd21a89c (webtiles) character file.

212 Gildeon the Cudgeler (level 5, -4/33 HPs)
             Began as a Gargoyle Fighter on Mar 31, 2018.
             Slain by a hornet (shapeshifter) (8 damage)
             ... on level 2 of the Abyss.
             The game lasted 00:15:48 (2785 turns).

Gildeon the Cudgeler (Gargoyle Fighter)             Turns: 2785, Time: 00:15:49

Health: -4/33      AC: 17    Str: 21    XL:     5   Next: 89%
Magic:  5/5        EV:  3    Int:  8    God:
Gold:   167        SH:  9    Dex:  9    Spells: 4/4 levels left

rFire    . . .     SeeInvis .   a - +0 flail
rCold    + . .     Gourm    .   c - +0 shield
rNeg     + . .     Faith    .   n - +2 plate armour
rPois    ∞         Spirit   .   (no helmet)
rElec    +         Reflect  .   (no cloak)
rCorr    .         Harm     .   (no gloves)
MR       .....                  (no boots)
Stlth    ..........             (no amulet)
HPRegen  0.11/turn              d - ring of protection from cold
MPRegen  0.09/turn              (no ring)

@: about to teleport
A: negative energy resistance 1, electricity resistance, unbreathing,
petrification resistance, rot immunity, AC +4
a: no special abilities


You were on level 2 of the Abyss.
You were not hungry.

You visited 1 branch of the dungeon, and saw 3 of its levels.
You visited the Abyss 1 time.
You also visited: Sewer.

You collected 167 gold pieces.

Inventory:

Hand Weapons
 a - a +0 flail (weapon)
Missiles
 i - 110 stones (quivered)
Armour
 c - a +0 shield (worn)
 n - a +2 plate armour (worn)
Jewellery
 d - a ring of protection from cold (left hand)
Scrolls
 l - 2 scrolls of blinking
Potions
 b - a potion of magic
 h - a potion of heal wounds {unknown}
 k - a potion of flight
 m - a potion of mutation {unknown}
 o - a potion of lignification {unknown}
 p - a potion of agility {unknown}
Comestibles
 f - 3 rations
 j - 2 chunks of flesh


   Skills:
 + Level 3.7 Fighting
 - Level 5.7 Maces & Flails
 - Level 3.2 Armour
 - Level 3.2 Shields


You had 4 spell levels left.
You didn't know any spells.

Dungeon Overview and Level Annotations

Branches:
Dungeon (3/15)

Altars:
Yredelemnul
The Shining One

Annotations:
D:2 Crazy Yiuf


Innate Abilities, Weirdness & Mutations

You are resistant to torment.
Your stone body is resilient. (AC +4)
You are immune to poison.
You resist negative energy. (rN+)
You are resistant to electric shocks. (rElec)
You can survive without breathing.
You are immune to petrification.
You are immune to rotting.


Message History

A hog and a large abomination come into view.
The hog squeals angrily.
The flying skull hits you.
The large abomination moves out of view.
A flying skull comes into view.
The flying skull hits you but does no damage.
Some of the chunks of flesh in your inventory have rotted away.
The hog changes into a hornet!
Okay, then.
As you read the scroll of teleportation, it crumbles to dust.
You feel strangely unstable.
You feel the power of the Abyss delaying your translocation!
You block the flying skull's attack.
The flying skull hits you but does no damage.
The hornet stings you. The hornet stings you!
* * * LOW HITPOINT WARNING * * *
The hornet stings you but does no damage.
The hornet stings you!
You die...

#.# ♣♣. ♣. ♣ ♣ ♣♣♣
## ♣♣♣.#♣♣♣##
###..###♣♣...#...#
.......#.....#♣♣ ..
#.@......#
#.....#yz...#....$.
##...###...###} . .
##.# ##z## .....
#...###.z.####...
#..... .....#......
.... ..............
.......#.....#.. .
...###...###...


You could see a hornet shaped shifter and 3 flying skulls.

Vanquished Creatures
  Purgy (Sewer)
  3 adders
  2 oozes (D:1)
  A worm (D:2)
  2 dart slugs
  3 leopard geckos
  An orc (D:3)
  9 giant cockroaches
  5 hobgoblins
  4 jackals (D:1)
  A ball python (D:1)
  3 bats
  3 frilled lizards (D:1)
  9 goblins
  16 kobolds
  8 rats
71 creatures vanquished.

Notes
Turn   | Place    | Note
-------+----------+-------------------------------------------
     0 | D:1      | Gildeon the Gargoyle Fighter began the quest for the Orb.
     0 | D:1      | Reached XP level 1. HP: 14/14 MP: 1/1
    38 | D:1      | Reached XP level 2. HP: 19/19 MP: 2/2
    81 | D:1      | Reached skill level 3 in Maces & Flails
   213 | D:1      | Reached XP level 3. HP: 21/23 MP: 3/3
   787 | D:1      | Reached skill level 4 in Maces & Flails
  1308 | D:2      | Reached XP level 4. HP: 28/28 MP: 4/4
  1566 | D:3      | Found a glowing drain.
  1607 | Sewer    | Entered a sewer
  1707 | Sewer    | Noticed Purgy
  1729 | Sewer    | Killed Purgy
  1729 | Sewer    | Reached skill level 5 in Maces & Flails
  1729 | Sewer    | Reached XP level 5. HP: 20/32 MP: 5/5
  2297 | D:2      | Found a basalt altar of Yredelemnul.
  2299 | D:2      | Noticed a profane servitor
  2316 | D:2      | Found a glowing golden altar of the Shining One.
  2318 | D:2      | Noticed an angel
  2702 | D:2      | Found a runed door.
  2706 | D:2      | Noticed Crazy Yiuf
  2716 | D:2      | Cast into level 2 of the Abyss (Crazy Yiuf)
  2755 | Abyss:2  | Noticed a large abomination
  2771 | Abyss:2  | Noticed a flying skull
  2771 | Abyss:2  | Noticed a flying skull
  2774 | Abyss:2  | Noticed a large abomination
  2774 | Abyss:2  | Noticed a hog
  2775 | Abyss:2  | Noticed a flying skull
  2779 | Abyss:2  | Noticed a hornet
  2779 | Abyss:2  | a hog changed into a hornet
  2785 | Abyss:2  | Slain by a hornet (shapeshifter)

Vault maps used:
D:1:      erik_arrival_gehennom
D:2:      grunt_temple_overflow_holy_war, minmay_tetromino_t4,
          uniq_crazy_yiuf_cottage
D:3:      portal_sewer_entry_f, fedhas_altar_3, uniq_robin
Sewer:    kennysheep_door_sewer

Skill      XL: |  1  2  3  4 |
---------------+-------------+-----
Maces & Flails | 3 4 5 |  5.7
Fighting       | |  3.7
Armour         | |  3.2
Shields        | |  3.2

Action                   |  1- 3 |  4- 6 || total
-------------------------+-------+-------++-------
Melee: Flail             |   164 |   120 ||   284
  Use: Scroll            |     8 |     8 ||    16
       Potion            |       |     2 ||     2
  Eat: Chunk             |     2 |     3 ||     5
       Ration            |       |     1 ||     1
Armor: Scale mail        |    31 |       ||    31
       Chain mail        |    55 |     5 ||    60
       Plate armour      |       |    84 ||    84
Dodge: Dodged            |    42 |    18 ||    60
Block: Shield            |    98 |    62 ||   160

Table legend:
 A = Spawn XP
 B = Non-spawn XP
 C = Spawn XP percentage of total XP
 D = Spawn monster count
 E = Non-spawn monster count
 F = Spawn count percentage of total count
 G = Total turns spent on level
                    A         B        C        D         E        F      G
               +---------+---------+-------+---------+---------+-------+---------
         Total |       0 |     303 |   0.0 |       0 |      71 |   0.0 |  2785
               +---------+---------+-------+---------+---------+-------+---------
           D:1 |       0 |      71 |   0.0 |       0 |      37 |   0.0 |  1064
           D:2 |       0 |      38 |   0.0 |       0 |      14 |   0.0 |  1005
           D:3 |       0 |      42 |   0.0 |       0 |      14 |   0.0 |   275
         Sewer |       0 |     152 |   0.0 |       0 |       6 |   0.0 |   372
               +---------+---------+-------+---------+---------+-------+---------
